AoeStats
← généralmeu

African Clearing

504287318Analyzed
4v4 RM · 28d ago on Sep 4, 2026· 27m 3s· 8 players
Game mode
Random Map
Map size
Large (8 player)
Population
200
Speed
Normal
Resources
Standard
Victory
Conquest
Starting age
Dark Age
Ending age
Imperial Age
RankedLock teamsTeams togetherTeam positionsShared explorationLock speedFull tech treeHidden civsTurbo modeCheats
Victory
Defeat
🇩🇪 Slavs · Germany
1070
+13
🇩🇪 Vietnamese · Germany
1065
+14
🇩🇪 Persians · Germany
1062
+14
🇩🇪 Franks · Germany
890
+21
🇬🇧 Maya · United Kingdom
1029
-16
🇫🇷 Franks · France
1012
-45
1004
-15
🇨🇳 Huns · China
1000
-15
Romain, Conquérant par 3 côté
8:08 Loom
16:00 Feudal Age
23:12 Castle Age
23:09 Forging
23:21 Pikeman
25:28 Padded Archer Armor
généralmeu
15:47 Feudal Age
17:29 Man-at-Arms
Des
10:00 Loom
12:34 Feudal Age
13:52 Double-Bit Axe
18:46 Fletching
83716497273
Kope
17:25 Feudal Age
15:42 Loom
22:54 Double-Bit Axe
23:35 Gold Mining
26:57 Castle Age
25:29 Scale Barding Armor
27:18 Forging
27:51 Bow Saw
Beta
6:25 Loom
14:34 Feudal Age
19:28 Castle Age
18:07 Fletching
18:26 Padded Archer Armor
20:56 Thumb Ring
21:39 Bodkin Arrow
22:36 Leather Archer Armor
25:38 Wheelbarrow
Annibale
12:36 Loom
14:22 Feudal Age
16:20 Double-Bit Axe
19:21 Castle Age
17:38 Bloodlines
17:37 Scale Barding Armor
17:43 Forging
18:52 Gold Mining
26:29 Wheelbarrow
26:09 Bow Saw
strater11
4:23 Loom
13:04 Feudal Age
13:13 Man-at-Arms
14:58 Scale Mail Armor
16:01 Forging
20:02 Wheelbarrow
19:12 Horse Collar
24:24 Castle Age
22:40 Double-Bit Axe
23:28 Gold Mining
24:34 Long Swordsman
25:15 Squires
25:33 Chain Mail Armor
25:56 Hand Cart
26:52 Iron Casting
26:37 Bow Saw
26:30 Heavy Plow
Connection lost

Rejoining the realm…

Still unreachable

The connection could not be restored.

Session expired

The server has moved on; the page needs a fresh start.